 Dungeon Crawl Stone Soup version 0.31-a0-473-g61b50ae490 (console) character file.

Game seed: 7025077198292707247

46172 jejorda2 the Cleaver (level 14, -2/113 HPs)
             Began as a Gnoll Berserker on Aug 6, 2023.
             Was an Elder of Trog.
             Succumbed to a cane toad's poison
             ... on level 5 of the Lair of Beasts.
             The game lasted 00:43:08 (17244 turns).

jejorda2 the Cleaver (Gnoll Berserker)             Turns: 17244, Time: 00:43:09

Health: -2/113     AC: 24    Str: 27    XL:     14   Next: 36%
Magic:  27/27      EV: 13    Int:  7    God:    Trog [****..]
Gold:   965        SH:  0    Dex: 14    Spells: 31/31 levels left

rFire   . . .        a - +0 battleaxe
rCold   + + .        (shield currently unavailable)
rNeg    . . .        I - +1 storm dragon scales
rPois   +            n - +2 helmet
rElec   +            (no cloak)
rCorr   .            u - +0 pair of gloves of Sufficient Curiosity {rC++ Dex+2}
SInv    .            x - +2 pair of boots
Will    +++..        h - amulet of faith
Stlth   +            s - ring of poison resistance
HPRegen 1.38/turn    O - +6 ring of strength
MPRegen 0.20/turn

%: faith
@: lethally poisoned (-2 -> -6), strong-willed (expiring), on berserk cooldown,
regenerating (expiring), slowed, very slow
A: fangs 1, strong nose, distributed training
a: Renounce Religion, Berserk, Trog's Hand, Brothers in Arms


You were on level 5 of the Lair of Beasts.
You worshipped Trog.
Trog was greatly pleased with you.
You visited 2 branches of the dungeon, and saw 16 of its levels.
You also visited: Gauntlet.

You collected 965 gold pieces.

Inventory:

Hand Weapons
 a - a +0 battleaxe (weapon)
 b - a +0 dire flail
Missiles
 r - 2 javelins
 w - 3 silver javelins
 y - 13 boomerangs
 C - 29 poisoned darts (quivered)
 D - 2 curare-tipped darts
 J - 2 throwing nets
Armour
 n - a +2 helmet (worn)
 u - the +0 pair of gloves of Sufficient Curiosity (worn) {rC++ Dex+2}
   (You found it on level 2 of the Dungeon)

   Dex:       It affects your dexterity (+2).
   rC:        It greatly protects you from cold.
 x - a +2 pair of boots (worn)
 A - the +2 chain mail "Hobun" {-Cast rPois Str+4}
   (You found it in a Gauntlet)

   Str:       It affects your strength (+4).
   rPois:     It protects you from poison.
   -Cast:     It prevents spellcasting.
 I - +1 storm dragon scales (worn)
Jewellery
 c - the ring "Hawuehu" {rElec Will+}
   (You found it in a Gauntlet)

   [ring of willpower]

   rElec:     It insulates you from electricity.
   Will:      It increases your willpower.
 h - an amulet of faith (around neck)
 i - a ring of protection from cold
 p - a ring of fire
 s - a ring of poison resistance (left hand)
 B - a ring of positive energy
 N - an amulet of reflection
 O - a +6 ring of strength (right hand)
Wands
 m - a wand of acid (3)
 o - a wand of digging (6)
 F - a wand of roots (14)
 H - a wand of mindburst (11)
 L - a wand of polymorph (4)
 P - a wand of flame (13)
Scrolls
 e - 2 scrolls of revelation
 f - 2 scrolls of blinking
 k - 2 scrolls of teleportation
 l - 2 scrolls of immolation
 E - 8 scrolls of identify
 M - a scroll of fog
Potions
 d - 2 potions of invisibility
 g - 5 potions of curing
 j - a potion of resistance
 t - 2 potions of ambrosia
 z - 2 potions of attraction
 G - 4 potions of mutation
Miscellaneous
 q - a phantom mirror


   Skills:
 + Level 11.3 Fighting
 + Level 9.3 Short Blades
 + Level 9.3 Long Blades
 + Level 11.3 Axes
 + Level 9.3 Maces & Flails
 + Level 9.3 Polearms
 + Level 9.3 Staves
 + Level 9.3 Ranged Weapons
 + Level 9.3 Throwing
 + Level 10.4 Armour
 + Level 10.4 Dodging
 + Level 9.3 Stealth
 + Level 9.3 Shields
 + Level 9.3 Unarmed Combat
 + Level 9.3 Spellcasting
 + Level 7.8 Conjurations
 + Level 7.8 Hexes
 + Level 7.8 Summonings
 + Level 7.8 Necromancy
 + Level 7.8 Translocations
 + Level 7.8 Transmutations
 + Level 7.8 Fire Magic
 + Level 7.8 Ice Magic
 + Level 7.8 Air Magic
 + Level 7.8 Earth Magic
 + Level 7.8 Poison Magic
 + Level 10.2 Invocations
 + Level 9.3 Evocations
 + Level 7.8 Shapeshifting


You had 31 spell levels left.
You didn't know any spells.
Your spell library was empty.

Dungeon Overview and Level Annotations

Branches:
Dungeon (11/15)            Temple (0/1) D:6            Lair (5/5) D:9
  Swamp (0/4) Lair:3        Snake (0/4) Lair:3        Slime (0/5) Lair:5
    Orc (0/2) D:11        Gauntlet (visited)

Altars:
Ashenzari
Okawaru
Qazlal
Vehumet
Wu Jian
Zin
The Shining One

Shops:
D:5 [


Innate Abilities, Weirdness & Mutations

You have very sharp teeth.
Your uncanny sense of smell can sniff out nearby items.
Your experience applies equally to all skills.


Message History

Unknown command.
You barely miss the blink frog.
The blink frog is heavily wounded.
You miss the blink frog. You slash the cane toad!
The blink frog blinks!
The blink frog hits you but does no damage.
The cane toad barely misses you. The cane toad misses you.
The komodo dragon closely misses you.
Unknown command.
You slash the cane toad!
The cane toad is heavily wounded.
You slice the komodo dragon!! You hit the blink frog.
You feel the effects of Trog's Hand fading.
The blink frog hits you but does no damage.
The bullfrog snags a nearby millipede with its tongue.
The bullfrog misses you. The cane toad barely misses you.
The komodo dragon bites you!
* * * LOW HITPOINT WARNING * * *
The blink frog barely misses you. The blink frog closely misses you.
The bullfrog hits you but does no damage.
The cane toad stings you.
* * * LOW HITPOINT WARNING * * *
You are lethally poisoned!
The cane toad poisons you!
The komodo dragon bites you but does no damage.
Unknown command.
Unknown command.
Blink to where?
Press: ? - help, Dir - move target
Okay, then.
Unknown command.
Unknown command.
Unknown command.
Blink to where?
Press: ? - help, Dir - move target Splash!
You fall into the shallow water.
Moving in this stuff is going to be slow.
A cane toad comes into view.
As you read the scroll of blinking, it crumbles to dust.
You die...

*** *,,**,,** *,,,,,,,,,,
***,******#.,**#..# *,,,,*,,,,,
,*,,,*,,*P,..,*#..# *,,,,**,,,,
,,.,.,,,,....###..##* *,,,,,*,,,,
.#.#.**,,#..#..#...,*##.,,,,,,,,,
..#.####,*#.......##~~..,,,,***,,
.#...#.####..../....~#~.,,,*,,*,*
.........#...........~##**,,,,,,*
................@.~..F..,*****,,,
.........FF....~PP~~~~~.,,,~,***~
.....~..F§F...PP≈~~~~~~~~~~~,,,~,
...#.....~l~~~~~~~.#~≈≈~~~~~~~,~,
.P.#..†.P~~~≈~~~≈###~~~~~~~~~~~,,
...#...~~~≈~~~P~~~***~~~~~~~~~~~,
..#####~~~~~~~≈≈~~~****~~~~~~~~~,
..#.######..~~~~~~~*~~~~~~~~~~~~~
F.#.~~#.~####~~~≈~~~~~~~~~~,~~~~~


You could see a komodo dragon, 2 cane toads, a blink frog and a bullfrog.

Vanquished Creatures
  A minotaur (Gauntlet)
  Harold (D:11)
  6 hydras
  The ghost of Ofeo the Fighter, a novice DsSh of Gozag (D:8)
  6 two-headed ogres
  A boulder beetle (Lair:4)
  2 skysharks
  An orc knight (D:11)
  A manticore (D:11)
  13 elephants
  A moth of wrath (Gauntlet)
  4 black mambas
  A gargoyle (D:10)
  13 cane toads
  2 rime drakes
  A kobold demonologist (D:11)
  4 komodo dragons
  4 trolls
  2 polar bears
  2 hornets
  15 blink frogs
  5 flying skulls (Gauntlet)
  A slime creature (D:9)
  A vampire (D:10)
  A shadow (D:10)
  40 yaks
  6 wyverns
  5 basilisks
  2 vampire mosquitoes (Lair:5)
  Menkaure (D:6)
  2 acid dragons
  17 water moccasins
  A hell hound (Gauntlet)
  6 black bears
  8 orc warriors
  3 ice beasts
  4 boggarts (Lair:3)
  4 ogres
  14 wolves
  9 centaurs
  2 kobold brigands
  4 phantoms
  11 bullfrogs
  A scorpion (D:6)
  8 wights
  12 killer bees
  2 electric eels (Lair:3)
  2 howler monkeys
  4 hounds
  3 orc priests
  A jelly (D:6)
  4 quasits (D:7)
  2 iguanas
  12 orc wizards
  3 hell rats (Lair:5)
  Robin (D:2)
  4 adders
  3 shadow imps (D:7)
  6 white imps
  5 ufetubi
  2 worms (D:3)
  33 orcs
  4 ball pythons
  3 endoplasms
  A giant cockroach (D:1)
  16 goblins
  12 hobgoblins
  11 kobolds
  2 quokkas
  4 bats
  4 frilled lizards
  6 rats
400 creatures vanquished.

Notes
Turn   | Place    | Note
-------+----------+-------------------------------------------
     0 | D:1      | jejorda2 the Gnoll Berserker began the quest for the Orb.
     0 | D:1      | Reached XP level 1. HP: 23/23 MP: 1/1
   160 | D:1      | Reached XP level 2. HP: 26/29 MP: 2/2
   585 | D:2      | Noticed Robin
   589 | D:2      | Reached XP level 3. HP: 35/35 MP: 3/3
   596 | D:2      | Reached ** piety under Trog
   602 | D:2      | Killed Robin
   603 | D:2      | Reached skill level 1 in Invocations
   608 | D:2      | Reached skill level 1 in Short Blades
   608 | D:2      | Reached skill level 1 in Long Blades
   608 | D:2      | Reached skill level 1 in Maces & Flails
   608 | D:2      | Reached skill level 1 in Polearms
   608 | D:2      | Reached skill level 1 in Staves
   608 | D:2      | Reached skill level 1 in Ranged Weapons
   608 | D:2      | Reached skill level 1 in Throwing
   608 | D:2      | Reached skill level 1 in Stealth
   608 | D:2      | Reached skill level 1 in Shields
   608 | D:2      | Reached skill level 1 in Unarmed Combat
   608 | D:2      | Reached skill level 1 in Spellcasting
   608 | D:2      | Reached skill level 1 in Evocations
   714 | D:2      | Reached XP level 4. HP: 32/41 MP: 5/5
   987 | D:2      | Identified the +0 pair of gloves of Sufficient Curiosity
                  | {rC++ Dex+2}
  1396 | D:3      | Reached skill level 1 in Conjurations
  1396 | D:3      | Reached skill level 1 in Hexes
  1396 | D:3      | Reached skill level 1 in Summonings
  1396 | D:3      | Reached skill level 1 in Necromancy
  1396 | D:3      | Reached skill level 1 in Translocations
  1396 | D:3      | Reached skill level 1 in Transmutations
  1396 | D:3      | Reached skill level 1 in Fire Magic
  1396 | D:3      | Reached skill level 1 in Ice Magic
  1396 | D:3      | Reached skill level 1 in Air Magic
  1396 | D:3      | Reached skill level 1 in Earth Magic
  1396 | D:3      | Reached skill level 1 in Poison Magic
  1396 | D:3      | Reached skill level 1 in Shapeshifting
  1736 | D:3      | Reached XP level 5. HP: 47/47 MP: 5/7
  2109 | D:4      | Noticed an ogre
  2110 | D:4      | Noticed a phantom
  2118 | D:4      | Killed an ogre
  2119 | D:4      | Killed a phantom
  2120 | D:4      | Reached skill level 5 in Armour
  2120 | D:4      | Reached skill level 5 in Dodging
  2120 | D:4      | Reached XP level 6. HP: 53/53 MP: 8/8
  2254 | D:4      | Reached XP level 7. HP: 59/59 MP: 10/10
  2345 | D:4      | Reached *** piety under Trog
  2453 | D:5      | Entered Level 5 of the Dungeon
  2655 | D:5      | Reached XP level 8. HP: 67/67 MP: 12/12
  2821 | D:5      | Found a stormy altar of Qazlal.
  3074 | D:5      | Found Nanuni's Armour Shop.
  3692 | D:6      | Noticed Menkaure
  3702 | D:6      | Killed Menkaure
  3741 | D:6      | Reached XP level 9. HP: 70/73 MP: 14/14
  3809 | D:6      | Found a staircase to the Ecumenical Temple.
  3882 | D:6      | Found a glowing golden altar of the Shining One.
  4085 | D:6      | Found a glowing silver altar of Zin.
  4327 | D:7      | Identified the +4 sling "Wiseseb" {elec, rF+ rN+ Str-5}
  4713 | D:7      | Reached **** piety under Trog
  5080 | D:7      | Reached skill level 5 in Invocations
  5383 | D:8      | Found a runed translucent gate.
  5384 | D:8      | Found a runed translucent gate.
  5385 | D:8      | Found a runed translucent gate.
  5385 | D:8      | Noticed Ofeo's ghost (novice DsSh)
  5390 | D:8      | Noticed a two-headed ogre
  5697 | D:8      | Noticed a hornet
  5708 | D:8      | Killed a hornet
  6006 | D:8      | Reached XP level 10. HP: 68/80 MP: 17/17
  6006 | D:8      | Killed a two-headed ogre
  6007 | D:8      | Reached skill level 5 in Short Blades
  6007 | D:8      | Reached skill level 5 in Long Blades
  6007 | D:8      | Reached skill level 5 in Maces & Flails
  6007 | D:8      | Reached skill level 5 in Polearms
  6007 | D:8      | Reached skill level 5 in Staves
  6007 | D:8      | Reached skill level 5 in Ranged Weapons
  6007 | D:8      | Reached skill level 5 in Throwing
  6007 | D:8      | Reached skill level 5 in Stealth
  6007 | D:8      | Reached skill level 5 in Shields
  6007 | D:8      | Reached skill level 5 in Unarmed Combat
  6007 | D:8      | Reached skill level 5 in Spellcasting
  6007 | D:8      | Reached skill level 5 in Evocations
  6549 | D:8      | Killed Ofeo's ghost
  7384 | D:9      | Noticed a two-headed ogre
  7399 | D:9      | Noticed a two-headed ogre
  7422 | D:9      | Killed a two-headed ogre
  7605 | D:9      | Killed a two-headed ogre
  7606 | D:9      | Reached XP level 11. HP: 89/89 MP: 18/20
  7845 | D:9      | Reached skill level 5 in Conjurations
  7845 | D:9      | Reached skill level 5 in Hexes
  7845 | D:9      | Reached skill level 5 in Summonings
  7845 | D:9      | Reached skill level 5 in Necromancy
  7845 | D:9      | Reached skill level 5 in Translocations
  7845 | D:9      | Reached skill level 5 in Transmutations
  7845 | D:9      | Reached skill level 5 in Fire Magic
  7845 | D:9      | Reached skill level 5 in Ice Magic
  7845 | D:9      | Reached skill level 5 in Air Magic
  7845 | D:9      | Reached skill level 5 in Earth Magic
  7845 | D:9      | Reached skill level 5 in Poison Magic
  7845 | D:9      | Reached skill level 5 in Shapeshifting
  8070 | D:9      | Noticed a two-headed ogre
  8078 | D:9      | Killed a two-headed ogre
  8454 | D:9      | Identified the +3 robe "Vyfe" {*Corrode rN+ Stlth+}
  8616 | D:9      | Found a staircase to the Lair.
  9037 | D:10     | Entered Level 10 of the Dungeon
  9076 | D:10     | Noticed a two-headed ogre
  9200 | D:10     | Found a radiant altar of Vehumet.
  9425 | D:10     | Found an ornate altar of the Wu Jian Council.
  9476 | D:10     | Found a broken altar of Ashenzari.
  9678 | D:10     | Killed a two-headed ogre
  9907 | D:10     | Found an iron altar of Okawaru.
 10161 | D:11     | Noticed a manticore
 10168 | D:11     | Killed a manticore
 10341 | D:11     | Noticed a two-headed ogre
 10350 | D:11     | Killed a two-headed ogre
 10351 | D:11     | Reached XP level 12. HP: 97/97 MP: 22/22
 10398 | D:11     | Noticed Harold
 10422 | D:11     | Killed Harold
 10631 | D:11     | Noticed a sun demon
 11162 | D:11     | Found a staircase to the Orcish Mines.
 11536 | Lair:1   | Entered Level 1 of the Lair of Beasts
 11666 | Lair:1   | Reached skill level 10 in Fighting
 11666 | Lair:1   | Reached skill level 10 in Axes
 13047 | Lair:2   | Reached XP level 13. HP: 96/104 MP: 23/25
 14749 | Lair:3   | Found a staircase to the Snake Pit.
 15174 | Lair:3   | Found a staircase to the Swamp.
 16073 | Lair:4   | Reached skill level 10 in Armour
 16073 | Lair:4   | Reached skill level 10 in Dodging
 16793 | Lair:5   | Entered Level 5 of the Lair of Beasts
 16801 | Lair:5   | Reached XP level 14. HP: 113/113 MP: 25/27
 16827 | Lair:5   | Reached skill level 10 in Invocations
 16836 | Lair:5   | Found a gate leading to a gauntlet.
 16851 | Gauntlet | Entered a Gauntlet
 16851 | Gauntlet | Found a transporter.
 16851 | Gauntlet | Found a transporter.
 16859 | Gauntlet | Found a transporter.
 16863 | Gauntlet | Found a transporter.
 16867 | Gauntlet | Found a runed translucent door.
 16869 | Gauntlet | Found a runed translucent door.
 16871 | Gauntlet | Found a transporter.
 16875 | Gauntlet | Found a transporter.
 16884 | Gauntlet | Found a transporter.
 16900 | Gauntlet | Found a transporter.
 16914 | Gauntlet | Found a transporter.
 16918 | Gauntlet | Found a transporter.
 16926 | Gauntlet | Found a transporter.
 16930 | Gauntlet | Found a transporter.
 17052 | Gauntlet | Identified the ring "Hawuehu" {rElec Will+}
 17104 | Gauntlet | Identified the +2 chain mail "Hobun" {-Cast rPois Str+4}
 17204 | Lair:5   | HP: 3/113 [tyrant leech (23)]
 17226 | Lair:5   | HP: 4/113 [poisoned by a cane toad]
 17243 | Lair:5   | HP: 1/113 [cane toad (5)]
 17244 | Lair:5   | Succumbed to a cane toad's poison

Illustrated notes

Levels and vault maps discovered:
D:1:      nicolae_arrival_escape_room, layout_basic
D:2:      layout_loops_cross, uniq_robin
D:3:      layout_loops_ring
D:4:      layout_gridville
D:5:      layout_cave_pods, nicolae_qazlal_scattered_showers, serial_shops,
          shop, minmay_tree_intersection, kennysheep_generic_room_8
D:6:      layout_cave_pools, lemuel_tele_altar, nicolae_overflow_hidden_temple,
          minmay_temple_entry_arrows, dk_vineyard_2, minmay_starry_boxes,
          uniq_menkaure
D:7:      layout_loops_corners, serial_demonic, serial_demonic_f,
          serial_demonic_c, serial_demonic_a, serial_demonic_g,
          serial_demonic_a, serial_demonic_d, serial_demonic_e, chequers_avenue
D:8:      layout_loops_ring, gammafunk_ghost_split, amethyst_killhole
D:9:      layout_stronghold, david_lair_shrubbed, minmay_mirror_moons_of_madness
D:10:     layout_roguey, nicolae_vehumet_altar_sigil,
          mainiacjoe_overflow_boulevard, general_overflow_altar,
          mainiacjoe_overflow_chevrons
D:11:     layout_cross, uniq_harold
Lair:1:   layout_regular_city, beast_lair_carwin_9, infiniplex_staircase_pool_2,
          grunt_megastairs_5
Lair:2:   layout_roguey, lemuel_fruit_tree
Lair:3:   layout_long_grid, palyth_hydra_swamp_entry, dummy_snake_entry,
          grunt_forest_stairs_basic, nicolae_quartered_pool_little,
          kilobyte_rumbling_trees, serial_bayou_shore_a
Lair:4:   layout_roguey, serial_bayou_ford_a, grunt_megastairs_2
Lair:5:   minmay_lair_end_frog_pond, layout_gridlike, slime_entry_1,
          portal_ice_cave_entry_imps, gauntlet_entry_generic,
          kennysheep_basilisk_garden

Skill      XL: |  1  2  3  4  5  6  7  8  9 10 11 12 13 14 |
---------------+-------------------------------------------+-----
Invocations    | 1 2 3 4 5 6 7 8 9 10 | 10.2
Short Blades   | 1 2 3 4 6 8 9 |  9.3
Long Blades    | 1 2 3 4 6 8 9 |  9.3
Maces & Flails | 1 2 3 4 6 8 9 |  9.3
Polearms       | 1 2 3 4 6 8 9 |  9.3
Staves         | 1 2 3 4 6 8 9 |  9.3
Ranged Weapons | 1 2 3 4 6 8 9 |  9.3
Throwing       | 1 2 3 4 6 8 9 |  9.3
Stealth        | 1 2 3 4 6 8 9 |  9.3
Shields        | 1 2 3 4 6 8 9 |  9.3
Unarmed Combat | 1 2 3 4 6 8 9 |  9.3
Spellcasting   | 1 2 3 4 6 8 9 |  9.3
Evocations     | 1 2 3 4 6 8 9 |  9.3
Conjurations   | 1 2 3 4 5 6 7 |  7.8
Hexes          | 1 2 3 4 5 6 7 |  7.8
Summonings     | 1 2 3 4 5 6 7 |  7.8
Necromancy     | 1 2 3 4 5 6 7 |  7.8
Translocations | 1 2 3 4 5 6 7 |  7.8
Transmutations | 1 2 3 4 5 6 7 |  7.8
Fire Magic     | 1 2 3 4 5 6 7 |  7.8
Ice Magic      | 1 2 3 4 5 6 7 |  7.8
Air Magic      | 1 2 3 4 5 6 7 |  7.8
Earth Magic    | 1 2 3 4 5 6 7 |  7.8
Poison Magic   | 1 2 3 4 5 6 7 |  7.8
Shapeshifting  | 1 2 3 4 5 6 7 |  7.8
Armour         | 5 6 7 8 9 10 | 10.4
Dodging        | 5 6 7 8 9 10 | 10.4
Fighting       | 7 8 9 10 11 | 11.3
Axes           | 7 8 9 10 11 | 11.3

Action                     |  1- 3 |  4- 6 |  7- 9 | 10-12 | 13-15 || total
---------------------------+-------+-------+-------+-------+-------++-------
  Melee: Hand axe          |    64 |    89 |       |       |       ||   153
         Bite              |     9 |    12 |    35 |    65 |    62 ||   183
         Punch             |     2 |     1 |       |    22 |    11 ||    36
         War axe           |       |    30 |     5 |       |       ||    35
         Broad axe         |       |       |   153 |   484 |   174 ||   811
         Battleaxe         |       |       |   130 |    11 |   225 ||   366
         Dire flail        |       |       |       |       |    48 ||    48
  Throw: Dart              |       |       |       |     5 |    17 ||    22
 Invoke: Berserk           |     1 |     2 |     8 |    16 |    15 ||    42
         Trog's Hand       |       |       |     2 |     3 |     6 ||    11
         Brothers in Arms  |       |       |       |       |     1 ||     1
  Evoke: Wand              |       |       |       |     3 |     2 ||     5
    Use: Scroll            |       |       |    20 |     7 |     6 ||    33
         Potion            |       |       |       |     2 |     6 ||     8
   Stab: Invisible         |       |       |       |       |     6 ||     6
 Armour: Animal skin       |     8 |     4 |       |       |       ||    12
         Chain mail        |       |    39 |     1 |       |       ||    40
         Plate armour      |       |       |   369 |    92 |       ||   461
         Storm dragon scal |       |       |       |   304 |   316 ||   620
  Dodge: Dodged            |    33 |    40 |   185 |   307 |   336 ||   901
  Block: Buckler           |       |    12 |    33 |       |       ||    45
         Other             |       |       |       |       |    62 ||    62

Table legend: (Time is in decaauts)
 A = Elapsed time spent in this place.
 B = Non-inter-level travel time spent in this place.
 C = Inter-level travel time spent in this place.
 D = Time resting spent in this place.
 E = Time spent auto-exploring this place.
 F = Levels seen in this place.
 G = Mean time per level.
                   A        B        C        D        E       F      G
               +--------+--------+--------+--------+--------+-----+--------+
         Total |  17768 |  17041 |    727 |   2414 |  11382 |  17 | 1045.2 |
       Dungeon |  11895 |  11348 |    547 |   1277 |   8073 |  11 | 1081.4 |
          Lair |   5569 |   5389 |    180 |   1103 |   3305 |   5 | 1113.8 |
      Gauntlet |    303 |    303 |      0 |     33 |      3 |   1 |  303.0 |
               +--------+--------+--------+--------+--------+-----+--------+

Top non-repeatable levels by time:
     D:8: 2052 daAuts
     D:9: 1833 daAuts
  Lair:3: 1742 daAuts
    D:10: 1705 daAuts
  Lair:4: 1338 daAuts
  Lair:1: 1294 daAuts
     D:7: 1144 daAuts
  Lair:2: 1040 daAuts
     D:5: 981 daAuts
     D:6: 911 daAuts
     D:3: 833 daAuts
    D:11: 785 daAuts
     D:2: 738 daAuts
     D:1: 523 daAuts
     D:4: 385 daAuts
